 Dungeon Crawl Stone Soup version 0.21.1-1-g345015f (webtiles) character file.

14 glosham the Scratcher (level 2, -4/14 HPs)
             Began as a Felid Chaos Knight on Apr 15, 2018.
             Was an Initiate of the Shining One.
             Killed from afar by Blork the orc (7 damage)
             ... with a magic dart
             ... on level 4 of the Dungeon.
             The game lasted 00:04:44 (307 turns).

glosham the Scratcher (Felid Chaos Knight)           Turns: 307, Time: 00:04:45

Health: -4/14      AC:  1    Str:  8    XL:     2   Next: 27%
Magic:  3/3        EV: 18    Int: 13    God:    the Shining One [......]
Gold:   7          SH:  0    Dex: 15    Spells: 1/1 levels left
                                        Lives:  0   Deaths: 0

rFire    . . .     SeeInvis +     - Unarmed
rCold    . . .     Gourm    .   (shield unavailable)
rNeg     . . .     Faith    .   (armour unavailable)
rPois    .         Spirit   .   (helmet unavailable)
rElec    .         Reflect  .   (cloak unavailable)
rCorr    .         Harm     .   (gloves unavailable)
MR       .....                  (boots unavailable)
Stlth    +.........             (no amulet)
HPRegen  0.04/turn              (no ring)
MPRegen  0.08/turn              (no ring)

@: glowing, quick
A: very small, no armour, no weapons or thrown items, stealth, claws 1, fangs 3,
see invisible, carnivore, speed 1, shaggy fur 1, slow metabolism 1, sharp paws
a: Renounce Religion


You were on level 4 of the Dungeon.
You worshipped the Shining One.
The Shining One was noncommittal.
You were completely stuffed.

You visited 1 branch of the dungeon, and saw 4 of its levels.

You collected 7 gold pieces.

Inventory:

Potions
 b - a potion of lignification {unknown}
Comestibles
 a - a ration


   Skills:
 - Level 3.0 Fighting
 - Level 3.2 Dodging
 * Level 3.7 Unarmed Combat


You had one spell level left.
You didn't know any spells.

Dungeon Overview and Level Annotations

Branches:
Dungeon (4/15)
 Temple: D:4-7

Altars:
Okawaru
Yredelemnul
The Shining One

Annotations:
D:4 Blork the orc; Totori's ghost, amateur HuAM


Innate Abilities, Weirdness & Mutations

You cannot wear armour.
You are incapable of wielding weapons or throwing items.
Your paws allow you to move quietly. (Stealth)
You have sharp claws.
You have razor-sharp teeth.
You have supernaturally acute eyesight. (SInv)
You are carnivorous and can eat meat at any time.
You cover ground quickly.
You are covered in fur. (AC +1)
You have a slow metabolism.
Your sharp claws are effective at attacking unaware monsters.


Message History

There is a stone staircase leading down here.
You climb downwards.
There is a stone staircase leading up here.
Found a stone staircase leading down.
An orc comes into view. It is wielding a flail.
You barely miss the orc. The orc misses you.
You closely miss the orc. You bite the orc.
The orc is lightly wounded.
The orc completely misses you.
You barely miss the orc.
The orc is lightly wounded.
You scratch the orc.
The orc is heavily wounded.
The orc hits you with a flail!
Ouch! That really hurt!
* * * LOW HITPOINT WARNING * * *
You scratch the orc.
The orc is almost dead.
The orc misses you.
You barely miss the orc.
The orc is almost dead.
The orc barely misses you.
You scratch the orc.
You kill the orc!
There is a stone staircase leading down here.
You climb downwards.
There is a stone staircase leading up here.
Xom twists space around you.
Your surroundings suddenly seem different.
Your surroundings suddenly seem different.
Found 19 sling bullets, 14 gold pieces and a glowing silver wand.
Found an escape hatch in the ceiling.
Found two stone staircases leading down.
An adder, Blork the orc and a player ghost come into view.
Blork the orc shouts!
The adder hisses angrily.
Totori's ghost turns its malevolent gaze towards you.
Blork the orc points at you and mumbles some strange words.
The magic dart hits you!
Ouch! That really hurt!
You die...

##########
........###
.....$...
).....# .....
#..#
...####@.#####
..........oS.#
...####..###...
#..# # ....
...># /.<...
.W....#
.......#


You could see Blork the orc, Totori's ghost and an adder.

Vanquished Creatures
  An orc (D:3)
  A hobgoblin (D:2)
  3 kobolds
  2 bats
  2 frilled lizards (D:1)
  2 goblins
  3 rats
14 creatures vanquished.

Notes
Turn   | Place    | Note
-------+----------+-------------------------------------------
     0 | D:1      | glosham the Felid Chaos Knight began the quest for the Orb.
     0 | D:1      | Reached XP level 1. HP: 10/10 MP: 2/2
     0 | D:1      | Fell from the grace of Xom
    53 | D:1      | Found a glowing golden altar of the Shining One.
    58 | D:1      | Became a worshipper of the Shining One
   217 | D:2      | Found a basalt altar of Yredelemnul.
   221 | D:2      | Found an iron altar of Okawaru.
   222 | D:2      | Reached XP level 2. HP: 10/14 MP: 3/3
   306 | D:4      | XOM: 2-stop teleportation journey
   307 | D:4      | Noticed Blork the orc
   307 | D:4      | Noticed Totori's ghost (amateur HuAM)
   307 | D:4      | Killed from afar by Blork the orc

Action                   || total
-------------------------++-------
Melee: Unarmed           ||    31
       Bite              ||     2
Invok: Renounce Religion ||     1
  Eat: Chunk             ||     6
Dodge: Dodged            ||    17

Table legend:
 A = Turns spent in this place as a percentage of turns spent in the entire game.
 B = Non-inter-level travel turns spent in this place as a percentage of non-inter-level travel turns spent in the entire game.
 C = Inter-level travel turns spent in this place as a percentage of turns spent in this place.
 D = Turns resting spent in this place as a percentage of non-inter-level travel turns spent in this place.
 E = Turns spent auto-exploring this place as a percentage of non-inter-level travel turns spent in this place.
 F = Non-inter-level travel turns spent in this place divided by the number of levels of this place that you've seen.
                   A       B       C       D       E      F
               +-------+-------+-------+-------+-------+----------------------
         Total | 100.0 | 100.0 |   0.0 |   0.0 |   0.0 |  76.8
       Dungeon | 100.0 | 100.0 |   0.0 |   0.0 |   0.0 |  76.8
               +-------+-------+-------+-------+-------+----------------------

Table legend:
 A = Kills in this place as a percentage of kills in entire the game.
 B = Kills by you in this place as a percentage of kills by you in the entire game.
 C = Kills by friends in this place as a percentage of kills by friends in the entire game.
 D = Other kills in this place as a percentage of other kills in the entire game.
 E = Experience gained in this place as a percentage of experience gained in the entire game.
 F = Experience gained in this place divided by the number of levels of this place that you have seen.
                   A       B       C       D       E      F
               +-------+-------+-------+-------+-------+----------------------
         Total | 100.0 | 100.0 |   N/A |   N/A | 100.0 |   5.0
       Dungeon | 100.0 | 100.0 |   N/A |   N/A | 100.0 |   5.0
               +-------+-------+-------+-------+-------+----------------------

Vault maps used:
D:1:      erik_arrival_gehennom, serial_bayou_lagoon_a, tso_metal_star
D:2:      nicolae_overflow_hidden_temple, tgw_trog
D:3:      feat_on_display, uniq_ijyb
D:4:      serial_corexii_hall, corexii_hall_statues_deadend,
          corexii_hall_statues_i, first_ration, uniq_edmund, uniq_blork_the_orc
